 Dungeon Crawl Stone Soup version 0.30.1-3-gfc49f6343a (webtiles) character file.

Game seed: 8451031594674524347

25363 CrazyMind the Cleaver (level 12, -1/165 HPs)
             Began as an Armataur Fighter on July 22, 2023.
             Was a High Priest of Trog.
             Slain by Rupert
             ... wielding a +3 battleaxe of flaming
              (5 damage)
             ... on level 4 of the Lair of Beasts on July 28, 2023.
             The game lasted 00:58:33 (15141 turns).

CrazyMind the Cleaver (Armataur Fighter)           Turns: 15141, Time: 00:58:34

Health: -1/165     AC: 18    Str: 25    XL:     12   Next: 88%
Magic:  12/12      EV:  9    Int:  8    God:    Trog [*****.]
Gold:   881        SH:  5    Dex: 12    Spells: 11/11 levels left

rFire   . . .        a - +1 war axe
rCold   . . .        c - +0 buckler
rNeg    . . .        i - +3 leather armour
rPois   .            (no helmet)
rElec   .            T - +2 cloak {Stlth+}
rCorr   .            (no gloves)
SInv    .            p - +1 barding
Will    .....        j - amulet of the acrobat Stlth
                     (no ring)
HPRegen 0.47/turn    (no ring)
MPRegen 0.13/turn

%: acrobat, roll
@: berserking, very quick
A: large, rugged brown scales 3, deformed body, armoured tail, roll, long
tongue, awkward tongue
a: Renounce Religion, Berserk, Trog's Hand, Brothers in Arms


You were on level 4 of the Lair of Beasts.
You worshipped Trog.
Trog was extremely pleased with you.
You visited 3 branches of the dungeon, and saw 15 of its levels.

You collected 881 gold pieces.

Inventory:

Hand Weapons
 a - a +1 war axe (weapon)
Missiles
 g - a throwing net
 D - 4 boomerangs
 P - 9 javelins
 V - 2 poisoned darts (quivered)
Armour
 c - a +0 buckler (worn)
 i - a +3 leather armour (worn)
 p - a +1 barding (worn)
 T - a +2 cloak of stealth (worn)
Jewellery
 j - an amulet of the acrobat (around neck)
 r - a ring of fire
 R - a ring of ice
 S - the ring of Inoir {+Blink rElec Will+ Str-4 Int+6}
   (You found it on level 9 of the Dungeon)

   [ring of intelligence]

   Str:       It affects your strength (-4).
   Int:       It affects your intelligence (+6).
   rElec:     It insulates you from electricity.
   +Blink:    It lets you blink.
   Will:      It increases your willpower.
Wands
 e - a wand of digging (5)
 x - a wand of light (16)
 J - a wand of iceblast (30)
 L - a wand of charming (9)
 Y - a wand of flame (12)
Scrolls
 d - 4 scrolls of vulnerability
 k - 2 scrolls of immolation
 m - a scroll of torment
 s - 3 scrolls of fog
 u - 2 scrolls of teleportation
 v - 6 scrolls of poison
 E - a scroll of enchant weapon
 K - a scroll of silence {unknown}
 Q - 2 scrolls of blinking
 W - a scroll of amnesia {unknown}
Potions
 b - a potion of degeneration {unknown}
 f - 2 potions of attraction
 h - a potion of invisibility {unknown}
 l - 2 potions of mutation
 n - 4 potions of heal wounds
 o - 4 potions of lignification
 q - a potion of resistance {unknown}
 t - 6 potions of flight
 z - 5 potions of haste
 A - 10 potions of curing
 B - 2 potions of might
 G - a potion of experience {unknown}
 I - a potion of cancellation {unknown}
 N - a potion of berserk rage {unknown}
Miscellaneous
 Z - a phial of floods


   Skills:
 + Level 8.7 Fighting
 + Level 13.7 Axes
 + Level 3.6 Throwing
 + Level 7.1 Armour
 + Level 5.7 Dodging
 + Level 7.5 Shields
 + Level 1.4 Evocations


You had 11 spell levels left.
You didn't know any spells.
Your spell library contained the following spells:

 Spells                   Type           Power      Damage    Failure   Level
 Sandblast                Erth           0%         2d4       50%         1
 Blink                    Tloc           0%         N/A       65%         2
 Passwall                 Tmut/Erth      0%         N/A       65%         2
 Dazzling Flash           Conj/Hex       0%         N/A       86%         3
 Stone Arrow              Conj/Erth      0%         3d7       86%         3
 Volatile Blastmotes      Fire/Tloc      0%         2d10      86%         3
 Animate Armour           Summ/Erth      0%         N/A       99%         4
 Iskenderun's Mystic Bla  Conj/Tloc      0%         2d3       99%         4
 Manifold Assault         Tloc           0%         N/A       99%         4
 Starburst                Conj/Fire      0%         6d3       100%        6
 Storm Form               Tmut/Air       0%         N/A       100%        7
 Lehudib's Crystal Spear  Conj/Erth      0%         10d2      100%        8


Dungeon Overview and Level Annotations

Branches:
Dungeon (10/15) Zot: 25903  Temple (1/1) D:7 Zot: 5829    Lair (4/5) D:8 Zot: 18797
 Shoals (0/4) Lair:2        Snake (0/4) Lair:3        Slime (0/5) Lair:4
    Orc: D:9-12

Altars:
Ashenzari
Dithmenos
Elyvilon
Fedhas
Gozag
Hepliaklqana
Kikubaaqudgha
Makhleb
Nemelex Xobeh
Okawaru
Qazlal
Ru
Sif Muna
Trog
Uskayaw
Vehumet
Wu Jian
Xom
Yredelemnul
Zin
The Shining One
Jiyva

Shops:
D:2 ?   D:9 *

Annotations:
D:2 2 transporters
D:5 1 runed translucent door, LittleThickWarRabbit's ghost, novice MiBe
Lair:4 Rupert


Innate Abilities, Weirdness & Mutations

You are completely covered in rugged brown scales. (AC +3, +7% HP)
Armour fits poorly on your strangely shaped body.
You have a long armoured tail.
You roll when moving toward enemies. (Rampage)
Your long tongue fully drains potion bottles. (2x potion effects)
Your tongue gives you trouble enunciating. (1.5x scroll delay)


Message History

Rupert hits you with a +3 battleaxe of flaming!!
Rupert burns you.
You hit Rupert.
Your tail-slap misses Rupert.
Rupert is heavily wounded.
You hit the wyvern.
You feel the power of Trog in you as your rage grows.
You kill the wyvern!
Trog accepts your kill. You block Rupert's attack.
You slash Rupert!
Rupert is severely wounded.
You slash Rupert!
Rupert is severely wounded.
You block Rupert's attack.
You slash Rupert!
Rupert is severely wounded.
You block Rupert's attack.
You barely miss Rupert.
Rupert is severely wounded.
Rupert hits you with a +3 battleaxe of flaming!!!
* * * LOW HITPOINT WARNING * * *
Rupert burns you.
* * * LOW HITPOINT WARNING * * *
You slash Rupert!
Your tail-slap misses Rupert.
Rupert is almost dead.
Rupert misses you.
You barely miss Rupert.
Rupert is almost dead.
You slash Rupert!
Rupert is almost dead.
You block Rupert's attack.
You slash Rupert!
Rupert is almost dead.
Rupert barely misses you.
You barely miss Rupert. You tail-slap Rupert, but do no damage.
Rupert is almost dead.
Rupert hits you with a +3 battleaxe of flaming!!
* * * LOW HITPOINT WARNING * * *
Rupert burns you.
You die...

#..........
#.(###...@S ##(.#
##. #P(## ##(# #(##
#S.# #@## #@##
#.†##### ....~≈
#.#.#P.###....≈≈≈~
###....P........~~≈≈
#.#..............≈≈≈
##...............~≈≈
##......._......~~≈
#...P...>†PP....≈≈
##.#...#†..##....~≈


You could see Rupert (berserk, poisoned) and a water moccasin.

Vanquished Creatures
  A flayed ghost (D:9)
  A wizard (D:10)
  A salamander (Lair:3)
  A torpor snail (Lair:3)
  13 elephants
  3 cane toads
  Maggie (D:8)
  4 komodo dragons
  4 burning bushes (Lair:3)
  3 polar bears
  A troll (D:10)
  A hornet (D:10)
  6 dream sheep (Lair:4)
  7 blink frogs
  A spriggan (Lair:4)
  A shadow (D:9)
  24 yaks
  5 wraiths
  6 wyverns
  2 fire bats (D:9)
  2 vampire mosquitoes (D:10)
  3 steam dragons
  Grum (D:8)
  Menkaure (D:5)
  12 water moccasins
  Edmund (D:5)
  2 ice beasts
  7 orc warriors
  A black bear (Lair:4)
  3 ogres
  10 wolves
  A centaur (Lair:4)
  A phantom (D:5)
  5 bullfrogs
  A gnoll sergeant (D:9)
  A scorpion (D:4)
  8 wights
  5 killer bees (D:9)
  4 electric eels (Lair:4)
  4 howler monkeys
  2 lava snakes (Lair:3)
  2 jellies
  6 hounds
  6 orc priests
  2 sleepcaps
  3 iguanas
  6 orc wizards
  16 gnolls
  10 adders
  2 white imps
  5 ufetubi
  2 worms
  2 dart slugs
  56 orcs
  12 bats
  5 endoplasms
  4 giant cockroaches
  4 goblins
  9 hobgoblins
  3 jackals (D:4)
  3 kobolds
  4 quokkas
  4 ball pythons
  4 rats
331 creatures vanquished.

Vanquished Creatures (collateral kills)
  A torpor snail (Lair:2)
  A water moccasin (Lair:2)
2 creatures vanquished.

Grand Total: 333 creatures vanquished

Notes
Turn   | Place    | Note
-------+----------+-------------------------------------------
     0 | D:1      | CrazyMind the Armataur Fighter began the quest for the Orb.
     0 | D:1      | Reached XP level 1. HP: 19/19 MP: 1/1
   197 | D:1      | Reached XP level 2. HP: 19/26 MP: 2/2
   627 | D:1      | Reached skill level 2 in Axes
   848 | D:2      | Reached XP level 3. HP: 33/33 MP: 3/3
  1007 | D:2      | Reached XP level 4. HP: 40/40 MP: 4/4
  1349 | D:2      | Found a transporter.
  1351 | D:2      | Found Xuejaf's Magic Scroll Shop.
  1405 | D:2      | Reached skill level 3 in Axes
  1426 | D:2      | Found a transporter.
  1606 | D:3      | Reached XP level 5. HP: 25/48 MP: 5/5
  1924 | D:3      | Found a shimmering blue altar of Sif Muna.
  2235 | D:4      | Found a sparkling altar of Nemelex Xobeh.
  2282 | D:4      | Found a shadowy altar of Dithmenos.
  2304 | D:4      | Noticed a water moccasin
  2312 | D:4      | Killed a water moccasin
  2313 | D:4      | Reached skill level 4 in Axes
  2313 | D:4      | Reached skill level 1 in Dodging
  2313 | D:4      | Reached XP level 6. HP: 54/54 MP: 6/6
  2319 | D:4      | Noticed a water moccasin
  2333 | D:4      | Killed a water moccasin
  2413 | D:4      | Found a bloodstained altar of Trog.
  2422 | D:4      | Became a worshipper of Trog the Wrathful
  2659 | D:4      | HP: 2/54 [ogre/+0 giant club (27)]
  2661 | D:4      | Reached skill level 5 in Axes
  2661 | D:4      | Reached XP level 7. HP: 2/60 MP: 7/7
  3475 | D:5      | Entered Level 5 of the Dungeon
  3540 | D:5      | Found a runed translucent door.
  3837 | D:5      | Noticed Menkaure
  3847 | D:5      | Killed Menkaure
  3848 | D:5      | Reached skill level 6 in Axes
  3848 | D:5      | Reached XP level 8. HP: 70/70 MP: 8/8
  3923 | D:5      | Noticed LittleThickWarRabbit's ghost (novice MiBe)
  4003 | D:5      | Reached * piety under Trog
  4006 | D:5      | Noticed Edmund
  4018 | D:5      | Killed Edmund
  4145 | D:5      | Reached skill level 7 in Axes
  4145 | D:5      | Reached skill level 5 in Armour
  4595 | D:6      | Found an opulent altar of Gozag.
  5214 | D:7      | Reached skill level 8 in Axes
  5214 | D:7      | Reached XP level 9. HP: 77/77 MP: 9/9
  5315 | D:7      | Reached skill level 1 in Throwing
  5327 | D:7      | Reached ** piety under Trog
  5404 | D:7      | Found a staircase to the Ecumenical Temple.
  5413 | Temple   | Entered the Ecumenical Temple
  5738 | D:8      | Noticed Grum
  5889 | D:7      | Reached skill level 9 in Axes
  5889 | D:7      | Reached skill level 1 in Evocations
  5923 | D:8      | Noticed Maggie
  5997 | D:8      | Killed Grum
  6196 | D:8      | Reached skill level 5 in Shields
  6412 | D:8      | Killed Maggie
  6413 | D:8      | Reached skill level 5 in Fighting
  6604 | D:8      | Reached XP level 10. HP: 68/86 MP: 10/10
  6608 | D:8      | Reached skill level 10 in Axes
  6706 | D:8      | Found a staircase to the Lair.
  7423 | D:9      | Reached *** piety under Trog
  7859 | D:9      | Found a blossoming altar of Fedhas.
  8076 | D:9      | Found a runed translucent door.
  8191 | D:9      | Found a blossoming altar of Fedhas.
  8199 | D:9      | Noticed a flayed ghost
  8272 | D:9      | Found a shimmering altar of Xom.
  8281 | D:9      | Found a bloodstained altar of Trog.
  8284 | D:9      | Found a bloodstained altar of Trog.
  8444 | D:9      | Found a glowing silver altar of Zin.
  8456 | D:9      | Found a sacrificial altar of Ru.
  8631 | D:9      | Found Jayputs's Overcharged Wands.
  8748 | D:9      | Killed a flayed ghost
  8749 | D:9      | Reached skill level 11 in Axes
  8751 | D:9      | Identified the +0 chain mail of the Keeping Gods {Dex+4}
  8752 | D:9      | Identified the ring of Inoir {+Blink rElec Will+ Str-4
                  | Int+6}
  8843 | D:10     | Entered Level 10 of the Dungeon
  9104 | D:10     | Noticed a wizard
  9119 | D:10     | Killed a wizard
  9120 | D:10     | Reached XP level 11. HP: 92/95 MP: 11/11
  9209 | D:10     | Found a stormy altar of Qazlal.
  9921 | Lair:1   | Entered Level 1 of the Lair of Beasts
 10090 | Lair:1   | You fall into a shaft and drop 1 floor!
 10090 | Lair:2   | Found a staircase to the Shoals.
 10137 | Lair:2   | Reached **** piety under Trog
 10413 | Lair:2   | Reached skill level 12 in Axes
 11888 | Lair:2   | Reached XP level 12. HP: 51/107 MP: 12/12
 12944 | Lair:3   | Reached skill level 13 in Axes
 13246 | Lair:3   | Found a staircase to the Snake Pit.
 13261 | Lair:3   | Reached skill level 5 in Dodging
 13568 | Lair:4   | Found a shadowy altar of Dithmenos.
 14469 | Lair:4   | Reached ***** piety under Trog
 14946 | Lair:4   | Found a viscous altar of Jiyva.
 14951 | Lair:4   | Found a staircase to the Slime Pits.
 15105 | Lair:4   | Noticed Rupert
 15141 | Lair:4   | HP: 4/165 [Rupert/+3 battleaxe of flaming (22)]
 15141 | Lair:4   | Slain by Rupert

Illustrated notes

Levels and vault maps discovered:
D:1:      minmay_arrival_shattered_statue, layout_basic,
          hangedman_decor_clover_reticule
D:2:      layout_loops_ring, serial_shops, nicolae_shop_drivethru
D:3:      layout_rooms, mainiacjoe_overflow_alcove_2
D:4:      layout_basic, mainiacjoe_overflow_paths,
          mainiacjoe_overflow_tiny_flanked, mainiacjoe_overflow_small_starburst
D:5:      layout_rooms, nicolae_overflow_hidden_temple,
          hellmonk_ghost_happy_afterlife, minmay_misc_feat_x, uniq_edmund,
          uniq_menkaure
D:6:      layout_rooms, grunt_gozag_statues
D:7:      layout_basic, minmay_temple_entry_antechambers
D:8:      layout_cave_pools, lair_entry_dummy, special_room [special_room_orc],
          uniq_maggie, uniq_grum
D:9:      due_megacathedral, layout_basic, fedhas_altar_2, serial_glass,
          glass_columns_a, glass_columns_c, nicolae_shop_overcharged_wands
D:10:     layout_cave_pools, grunt_qazlal_sundering,
          hangedman_decor_diamond_cutter
Temple:   eino_narrow_crystal_temple
Lair:1:   layout_chaotic_city
Lair:2:   layout_cave_pods, minmay_shoals_entry_lonely_mermaid
Lair:3:   statuecave_lemuel, layout_misc_corridors,
          nicolae_snake_entry_warm_welcome, evilmike_ambush
          [evilmike_ambush_outer_basic, evilmike_ambush_inner_basic]
Lair:4:   pond_and_an_island_with_a_cottage, layout_regular_city, slime_entry_1,
          basic_altar, minivault_27, forest_entry_grove, uniq_rupert

Skill      XL: |  1  2  3  4  5  6  7  8  9 10 11 12 |
---------------+-------------------------------------+-----
Axes           | 2 3 4 5 6 8 9 11 12 13 | 13.7
Armour         | 4 5 6 7 |  7.1
Fighting       | 3 4 5 6 7 8 |  8.7
Dodging        | 1 2 3 4 5 |  5.7
Shields        | 4 5 6 7 |  7.5
Throwing       | 1 2 3 |  3.6
Evocations     | 1 |  1.4

Action                     |  1- 3 |  4- 6 |  7- 9 | 10-12 || total
---------------------------+-------+-------+-------+-------++-------
  Melee: War axe           |    58 |   134 |   321 |   702 ||  1215
         Tailslap          |     4 |    19 |    36 |   112 ||   171
  Throw: Dart              |       |     3 |     9 |    14 ||    26
         Boomerang         |       |       |    15 |    42 ||    57
 Invoke: Berserk           |       |       |     5 |    10 ||    15
         Trog's Hand       |       |       |     1 |     1 ||     2
  Evoke: Wand              |       |     3 |     6 |    10 ||    19
    Use: Scroll            |       |     6 |     5 |    12 ||    23
         Potion            |       |     1 |     3 |     1 ||     5
   Stab: Sleeping          |       |     1 |       |     1 ||     2
         Invisible         |       |     2 |     2 |     7 ||    11
 Armour: Leather armour    |    28 |    52 |   122 |   268 ||   470
         Scale mail        |     1 |       |       |       ||     1
         Skin              |       |       |       |    21 ||    21
  Dodge: Dodged            |    26 |    79 |   170 |   277 ||   552
  Block: Buckler           |    10 |    24 |    83 |   161 ||   278
